 Dungeon Crawl Stone Soup version bcrawl-1.17.3 (webtiles) character file.

Game seed: 17175978856713275060

2754 Anmu the Destroyer (level 9, -8/51 HPs)
             Began as a Fairy Conjurer on Oct 25, 2019.
             Was a Believer of Sif Muna.
             Shot with an arrow by a centaur warrior (18 damage)
             ... on level 7 of the Dungeon.
             The game lasted 00:15:13 (6164 turns).

Anmu the Destroyer (Fairy Conjurer)                 Turns: 6164, Time: 00:15:14

Health: -8/51      AC: 15    Str:  6    XL:     9   Next: 68%
Magic:  18/33      EV: 22    Int: 21    God:    Sif Muna [**....]
Gold:   336        SH:  0    Dex: 14    Spells: 23/27 levels left

rFire    . . .     SeeInvis .   j - staff of wizardry
rCold    . . .     Gourm    .   (shield currently unavailable)
rNeg     . . .     Faith    .   (armour unavailable)
rPois    .         Spirit   .   x - +2 hat
rElec    .         Reflect  .   q - +0 cloak
rCorr    .         Harm     .   (no gloves)
MR       .....                  (no boots)
Stlth    ..........             (no amulet)
HPRegen  0.17/turn              l - ring of magical power
MPRegen  0.23/turn              d - +6 ring of protection

@: confused, about to teleport, flying evasively
A: small, magic attunement, unstealthy, unfitting armour, able to fly, AC/SH +6
a: Stop Flying, Divine Energy, Renounce Religion


You were on level 7 of the Dungeon.
You worshipped Sif Muna.
Sif Muna was pleased with you.
You were hungry.

You visited 2 branches of the dungeon, and saw 8 of its levels.

You collected 336 gold pieces.

Inventory:

Armour
 q - a +0 cloak (worn)
 x - a +2 hat (worn)
Magical Staves
 j - an uncursed staff of wizardry (weapon)
Jewellery
 d - a +6 ring of protection (right hand)
 f - an uncursed ring of poison resistance
 l - a ring of magical power (left hand)
 n - an uncursed ring of ice
 w - a +3 amulet of reflection
 y - an uncursed ring of wizardry
Wands
 o - a wand of flame (20)
 p - a wand of paralysis (10)
 r - a wand of polymorph (16)
Scrolls
 a - 5 scrolls of identify
 g - 2 scrolls of teleportation
 i - 2 scrolls of enchant weapon
 k - 2 scrolls of amnesia
 m - 3 scrolls of magic mapping
 u - a scroll of immolation
 z - a scroll of fear
Potions
 b - a potion of magic
 e - 2 potions of lignification
 h - 2 potions of brilliance
 t - 2 potions of curing
 v - a potion of might
Comestibles
 c - 11 rations {!d}


   Skills:
 * Level 8.1 Dodging
 + Level 2.6 Stealth
 + Level 9.8 Spellcasting
 + Level 10.7 Conjurations


You had 23 spell levels left.
You knew the following spells:

 Your Spells              Type           Power        Failure   Level  Hunger
a - Magic Dart            Conj           ####         1%          1    None
b - Iskenderun's Mystic   Conj           ######..     1%          3    None

Your spell library contained the following spells:

 Spells                   Type           Power        Failure   Level  Hunger
 Sting                    Conj/Pois      ####         1%          1    None
 Searing Ray              Conj           ######       1%          2    None
 Fulminant Prism          Conj/Hex       ####......   3%          4    None
 Passwall                 Tmut/Erth      ##......     4%          2    None
 Sticks to Snakes         Tmut           ##......     4%          2    None
 Irradiate                Conj/Tmut      ####......   9%          5    None
 Petrify                  Tmut/Erth      ##......     26%         4    None
 Yara's Violent Unravell  Hex/Tmut       ##........   26%         4    None


Dungeon Overview and Level Annotations

Branches:
Dungeon (7/12)             Temple (1/1) D:4
   Lair: D:7-9

Altars:
Ashenzari
Cheibriados
Dithmenos
Elyvilon
Fedhas
Gozag
Hepliaklqana
Kikubaaqudgha
Lugonu
Nemelex Xobeh
Okawaru
Ru
Sif Muna
Trog
Uskayaw
Vehumet
Wu Jian
Xom
Yredelemnul
Zin
The Shining One

Shops:
D:6 [


Innate Abilities, Weirdness & Mutations

Your spells do not cause hunger and MP costs are reduced by 1.
Your bright wings attract enemies. (Stealth-)
You cannot fit into any form of body armour.
Your shimmering scales are hard and can block incoming attacks. (AC +6, SH +6)
You are small and have problems with some larger weapons.
You can fly continuously.


Message History

Aiming: Iskenderun's Mystic Blast (safe; 1% risk of failure)
Press: ? - help, Shift-Dir - straight line, f/p - centaur warrior
Aim: a centaur warrior, wielding a +0 shortbow (lightly wounded)
The orb of energy misses the centaur warrior.
The centaur warrior shoots an arrow.
The arrow hits you!!
* * * LOW HITPOINT WARNING * * *
Evoke which item? (* to show all) (? for menu, Esc to quit)
Aiming: Polymorph
Press: ? - help, Shift-Dir - straight line, f/p - centaur warrior
Aim: a centaur warrior, wielding a +0 shortbow (lightly wounded, chance to defeat MR: 28%)
The centaur warrior easily resists.
The centaur warrior shoots an arrow.
The arrow barely misses you.
As you read the scroll of teleportation, it crumbles to dust.
You feel strangely unstable.
The centaur warrior shoots an arrow.
The arrow hits you.
* * * LOW HITPOINT WARNING * * *
The centaur warrior shoots an arrow.
The arrow barely misses you.
You are confused.
You feel invigorated.
The centaur warrior shoots an arrow.
The arrow hits you!!
You die...

### ###############
..#####....##.......####
......#.........@..†....
........................
........................
........................
....#...................
....#.............c.#...
....#...............#...
....#................ ..
..............


You could see a centaur warrior.

Vanquished Creatures
  Sigmund (D:3)
  An ice beast (D:4)
  A necrophage (D:7)
  2 sky beasts (D:4)
  2 phantoms
  3 ogres
  3 centaurs
  2 bullfrogs
  2 big kobolds
  2 scorpions
  A howler monkey (D:4)
  3 crimson imps
  A quasit (D:5)
  4 hounds
  A jelly (D:5)
  7 orc wizards
  Crazy Yiuf (D:4)
  2 bullfrog skeletons
  2 orc priests
  Jessica (D:2)
  An iguana (D:7)
  Ijyb (D:4)
  7 worker ants
  A worker ant zombie (D:5)
  3 gnolls (D:7)
  A howler monkey skeleton (D:5)
  8 adders
  2 shadow imps (D:5)
  An adder zombie (D:5)
  An adder skeleton (D:5)
  A dart slug (D:3)
  A worm (D:3)
  12 leopard geckos
  35 orcs
  7 bats
  4 giant cockroaches
  2 goblins
  10 hobgoblins
  10 jackals
  2 frilled lizards
  12 kobolds
  A quokka zombie (D:5)
  7 rats
172 creatures vanquished.

Notes
Turn   | Place    | Note
-------+----------+-------------------------------------------
     0 | D:1      | Anmu the Fairy Conjurer began the quest for the Orb.
     0 | D:1      | Reached XP level 1. HP: 11/11 MP: 6/6
    58 | D:1      | Reached skill level 5 in Conjurations
    63 | D:1      | Reached XP level 2. HP: 10/17 MP: 7/7
   263 | D:1      | Reached XP level 3. HP: 21/21 MP: 9/9
   277 | D:1      | Learned a level 3 spell: Iskenderun's Mystic Blast
   912 | D:2      | Reached XP level 4. HP: 27/27 MP: 11/11
   925 | D:2      | Noticed Jessica
   928 | D:2      | Killed Jessica
   928 | D:2      | Reached skill level 6 in Conjurations
  1432 | D:3      | Noticed Sigmund
  1436 | D:3      | Killed Sigmund
  1436 | D:3      | Reached XP level 5. HP: 31/31 MP: 2/14
  1436 | D:3      | Reached XP level 6. HP: 36/36 MP: 2/15
  1438 | D:3      | Reached skill level 7 in Conjurations
  1568 | D:3      | Found a bloodstained altar of Trog.
  1572 | D:3      | Found a bloodstained altar of Trog.
  1660 | D:3      | Reached skill level 5 in Spellcasting
  1732 | D:3      | Found a radiant altar of Vehumet.
  2063 | D:3      | Reached skill level 5 in Dodging
  2128 | D:4      | Noticed a sky beast
  2131 | D:4      | Killed a sky beast
  2131 | D:4      | Reached XP level 7. HP: 41/41 MP: 10/17
  2144 | D:4      | Reached skill level 8 in Conjurations
  2427 | D:4      | Found a runed door.
  2431 | D:4      | Noticed Crazy Yiuf
  2434 | D:4      | Killed Crazy Yiuf
  2474 | D:4      | Found a staircase to the Ecumenical Temple.
  2481 | Temple   | Entered the Ecumenical Temple
  2554 | Temple   | Became a worshipper of Sif Muna the Loreminder
  2649 | D:4      | Reached XP level 8. HP: 45/46 MP: 17/20
  3113 | D:4      | Reached * piety under Sif Muna
  3122 | D:4      | Noticed Ijyb
  3125 | D:4      | Killed Ijyb
  3204 | D:4      | Found a sparkling altar of Nemelex Xobeh.
  3441 | D:5      | Entered Level 5 of the Dungeon
  3442 | D:5      | Reached skill level 9 in Conjurations
  3669 | D:5      | Identified Sif Muna's Handbook of Mutagenic Poison (Sif
                  | Muna gifted it to you on level 5 of the Dungeon)
  3669 | D:5      | Received a gift from Sif Muna
  4415 | D:5      | Reached XP level 9. HP: 51/51 MP: 23/23
  4873 | D:6      | Reached skill level 10 in Conjurations
  4999 | D:6      | Reached ** piety under Sif Muna
  5178 | D:6      | Found a blossoming altar of Fedhas.
  5299 | D:6      | Found Xuepiog's Antique Armour Boutique.
  6121 | D:7      | Found a shimmering altar of Xom.
  6122 | D:7      | Found a hazy altar of Hepliaklqana.
  6122 | D:7      | Noticed a spectral ugly thing
  6123 | D:7      | Noticed a spectral ugly thing
  6123 | D:7      | Noticed a spectral ugly thing
  6152 | D:7      | Noticed a centaur warrior
  6164 | D:7      | Shot with an arrow by a centaur warrior

Skill      XL: |  1  2  3  4  5  6  7  8  9 |
---------------+----------------------------+-----
Conjurations   | 5 6 7 8 9 10 | 10.7
Dodging        | 3 4 5 7 8 |  8.1
Spellcasting   | 3 4 5 6 8 9 |  9.8
Stealth        | 2 |  2.6

Action                   |  1- 3 |  4- 6 |  7- 9 || total
-------------------------+-------+-------+-------++-------
 Cast: Magic Dart        |    67 |    43 |   156 ||   266
       Iskenderun's Myst |     3 |    24 |   122 ||   149
Evoke: Wand              |       |       |     1 ||     1
  Use: Scroll            |       |     7 |     8 ||    15
       Potion            |       |     3 |     4 ||     7
  Eat: Chunk             |       |     3 |    12 ||    15
Armor: Skin              |     2 |     1 |    11 ||    14
Dodge: Dodged            |    17 |     8 |    27 ||    52
Block: Other             |     4 |     1 |    14 ||    19
